[Event "Sardinia World Festival-A 2024"]
[Site "Orosei"]
[Date "2024.04.28"]
[Round "2.11"]
[White "Vergara Anton, Diego"]
[Black "Gurel, Ediz"]
[Result "1/2-1/2"]
[ECO "D46"]
[WhiteElo "2387"]
[BlackElo "2578"]
[Annotator "TA"]
[PlyCount "120"]
[EventDate "2024.04.26"]
[EventType "swiss"]
[EventCountry "ITA"]
[SourceTitle "playchess.com"]
[Source "ChessBase"]
[SourceQuality "1"]
[TimeControl "40/5400+30:1800+30"]

1. Nf3 d5 2. e3 Nf6 3. c4 e6 4. b3 c6 5. Bb2 Nbd7 6. Qc2 Bd6 7. d4 Qe7 8. Nc3 O-O 9. Bd3 b6 10. O-O Bb7 11. cxd5 exd5 12. Rfe1 Bb4 13. Nd2 c5 14. a3 Bxc3 15. Bxc3 Rfe8 16. dxc5 bxc5 17. Rac1 Rac8 18. Nf3 h6 19. Bf5 Rc6 20. Qb2 Ba8 21. Red1 Nb6 22. Ne5 Rd6 23. Nd3 g6 24. Bxf6 Rxf6 25. Bg4 Rc6 26. Bf3 Rc7 27. a4 g5 28. a5 Nc8 29. Qa3 c4 30. Qxe7 Nxe7 31. Nb4 Rec8 32. bxc4 (32. Nxd5 $2 Bxd5 33. bxc4 Bxf3 (33... Bxc4 $2 34. Rb1 $19) (33... Rxc4 $2 34. Rxc4 Rxc4 35. Be2 $19) 34. gxf3 Rxc4 35. Rxc4 Rxc4 $19) 32... dxc4 33. Bxa8 ({White should try} 33. Bg4 $1 $14 f5 34. Be2) 33... Rxa8 $11 34. Nd5 Nxd5 35. Rxd5 Rb8 36. Kf1 Rb2 37. h4 gxh4 38. Rd4 c3 39. Rxh4 Rc5 40. g3 Kg7 41. Rg4+ Kf6 42. Rf4+ Ke6 43. Re4+ Kd6 44. Rd4+ Kc6 45. Rd8 Rb3 (45... Rxa5 $2 46. Rxc3+ Kb7 47. Rd7+ Ka6 48. Rcc7 $18 (48. Rxf7 Rb7 $18)) 46. Ke2 Kb5 47. Kd3 c2+ (47... Kxa5 $2 48. Ra1+ Kb4 49. Rb8+ Rb5 50. Rxb5+ Kxb5 51. Rxa7 $18) 48. Kd2 Rbc3 49. Rb8+ Ka6 (49... Kxa5 50. Ra1+) 50. Rf8 Rc7 (50... Kxa5 51. Rxf7 Rc7 52. Rxc7 Rxc7 53. Rxc2 $18) 51. Rxf7 Rxf7 52. Kxc3 Rxf2 53. Kb2 (53. Rxc2 Rxc2+ 54. Kb4 h5 55. e4 Re2 56. Kc4 Rxe4+ 57. Kd3 Rg4 58. Ke3 Rxg3+ 59. Kf4 h4 60. Ke5 h3 (60... Kxa5 61. Kf5 h3 62. Kf4 Rb3 63. Kf5 h2 64. Kf6 h1=Q 65. Ke5 Re3+ 66. Kf4 Qg1 67. Kf5 Qf2+ 68. Kg4 Rg3+ 69. Kh5 Qh2#) 61. Kf5 h2 (61... Kxa5 62. Kf4 Rb3 63. Kf5 h2 64. Ke6 h1=Q 65. Ke5 Re3+ 66. Kf4 Qh3 67. Kg5 Rf3 68. Kg6 Qg4+ 69. Kh7 Rh3#) 62. Kf4 Rb3 (62... h1=R 63. Kxg3 Rf1 64. Kh3 Kxa5 65. Kh2 Kb4 66. Kg2 Rf7 67. Kh2 a5 68. Kh3 a4 69. Kg4 a3 70. Kh5 a2 71. Kg5 a1=Q 72. Kg6 Qg7+ 73. Kh5 Qg8 74. Kh6 Rh7#) 63. Kf5 h1=Q (63... h1=R 64. Kf4 Re1 65. Kf5 Rf3+ 66. Kg4 Rf8 67. Kh3 Re7 68. Kh4 Rg7 69. Kh5 Rh8#) 64. Ke5 Qh2+ (64... Kxa5 65. Kd4 Qd1+ 66. Ke4 Qe2+ 67. Kd5 Kb6 68. Kd4 Rd3+ 69. Kc4 Qe4#) 65. Kf5 Re3 (65... Kxa5 66. Kf6 Re3 67. Kg7 Rf3 68. Kg6 Qg2+ 69. Kh7 Rh3#) 66. Kg4 Qf2 (66... Kxa5 67. Kg5 Qf2 68. Kh6 Qg1 69. Kh7 Rh3#) 67. Kh5 Rg3 68. Kh6 Qh2#) 53... Rh2 54. Rg1 (54. Rxc2 $2 Rxc2+ 55. Kxc2 Kxa5 $19) 54... h5 55. g4 h4 (55... Kxa5 $6 56. g5 (56. gxh5 Kb4 $11) 56... Rf2 57. g6 $16) 56. g5 $1 Rd2 (56... Kxa5 $2 {too greedy.} 57. g6 Rd2 58. g7 $18) (56... h3 $5 57. g6 $8 Rg2 $11 (57... Kxa5 $2 58. g7 $18)) 57. Rc1 h3 (57... Rg2 $5 58. Rh1 $8 Rxg5 (58... Kxa5 59. Rxh4 Rxg5 60. Kxc2 $11) 59. Rxh4 Re5 $17 (59... Rxa5 60. Kxc2 Ra3 61. Kd2 $11)) 58. g6 $1 Rg2 59. Rh1 h2 60. g7 $1 Rxg7 1/2-1/2

[Event "Sardinia World Festival-A 2024"]
[Site "Orosei"]
[Date "2024.04.28"]
[Round "2.12"]
[White "Lodici, Lorenzo"]
[Black "Shohat, Yotam"]
[Result "1/2-1/2"]
[ECO "B90"]
[WhiteElo "2565"]
[BlackElo "2398"]
[Annotator "TA"]
[PlyCount "115"]
[EventDate "2024.04.26"]
[EventType "swiss"]
[EventCountry "ITA"]
[SourceTitle "playchess.com"]
[Source "ChessBase"]
[SourceQuality "1"]
[TimeControl "40/5400+30:1800+30"]

1. e4 c5 2. Nf3 d6 3. d4 cxd4 4. Nxd4 Nf6 5. Nc3 a6 6. Be3 e5 7. Nf3 Be7 8. Bc4 O-O 9. O-O Be6 10. Qd3 Nc6 11. Bg5 Rc8 {[%emt 0:13:20] [#] White must now prevent ...Nb4.} 12. Bxf6 Bxf6 13. Bxe6 fxe6 14. Rad1 Be7 15. Ne2 Qb6 16. Rb1 Qb5 17. c4 Qa5 18. a3 Qc7 19. b4 Rf6 20. Ne1 Nd4 21. Nxd4 exd4 22. Rc1 e5 23. Rc2 Qd7 24. Nf3 Rg6 25. Kh1 Rf8 26. Ng1 Qg4 27. g3 {[%emt 0:00:37] White is weak on the dark squares} h5 28. f3 Qe6 29. f4 {[%emt 0:00:40] Repels Bg5} exf4 30. gxf4 {[%emt 0:00:01][%cal Of4f5] f5! would now be deadly.} Rg4 31. Ne2 Bf6 32. Ng3 g6 {[%emt 0:03:16] Prevents Nf5.} 33. f5 gxf5 34. Rxf5 (34. Nxf5 {simplifies} Qxe4+ 35. Qxe4 Rxe4 36. Nxd6 Re3 37. Rg2+) 34... Be5 {[%emt 0:02:03] The position is equal.} 35. Rcf2 Rxf5 36. Nxf5 Kh7 37. h3 Rg5 38. Rg2 Rxg2 39. Kxg2 $11 {[%emt 0:00:02][%mdl 4096] Endgame. KQB-KQN} Qg6+ 40. Kf2 {[%emt 0:01:06] Active counter play!} Qg5 41. Ke2 Qg2+ 42. Kd1 Qb2 43. Ke1 Qc1+ 44. Ke2 Qb2+ 45. Kf1 Qc1+ 46. Kf2 Qf4+ 47. Ke2 Qh2+ 48. Kd1 Qb2 49. c5 dxc5 50. bxc5 Qa1+ 51. Ke2 Qb2+ 52. Qd2 d3+ (52... Qxa3 $2 {loses.} 53. Qh6+ (53. Nxd4 $2 {too greedy.} Qxh3 54. Qb4 Qg2+ 55. Kd3 Qf1+ 56. Ne2 Qf7 $19) 53... Kg8 54. Qe6+ (54. Qxh5 Qb2+ 55. Ke1 Qc1+ 56. Ke2 Qb2+ 57. Ke1 Qc1+ 58. Ke2 Qc2+ 59. Kf1 Qc4+ 60. Ke1 Qc3+ 61. Kf1 Qc4+ 62. Ke1 Qc3+ 63. Kf1 Qc1+ 64. Ke2 $11) 54... Kf8 55. Qe7+ (55. Qxe5 Qb2+ 56. Ke1 Qc1+ 57. Kf2 Qd2+ 58. Kf3 Qd1+ 59. Kg2 Qe2+ 60. Kg3 Qe1+ 61. Kf3 Qf1+ 62. Kg3 Qe1+ 63. Kg2 Qd2+ 64. Kf1 Qd1+ 65. Kf2 Qd2+ 66. Kf3 Qd3+ 67. Kf2 Qd2+ $11) 55... Kg8 56. Qe8+ (56. Qxe5 Qb2+ 57. Ke1 Qc3+ 58. Kd1 Qa1+ 59. Kd2 Qc3+ 60. Kd1 Qa1+ 61. Kd2 Qc3+ 62. Kd1 $11) (56. Qxb7 d3+ 57. Kf3 d2+ 58. Ke2 d1=B+ 59. Kxd1 Qxc5 $11) 56... Kh7 57. Qxh5+ (57. Qxe5 Qb2+ 58. Kf1 Qc1+ 59. Kf2 Qd2+ 60. Kf3 Qd1+ 61. Kf2 Qd2+ 62. Kf3 Qc3+ 63. Kf2 Qd2+ $11) 57... Kg8 58. Qe8+ Kh7 59. Qxe5 $18) 53. Kxd3 {[%emt 0:00:02] [#] And now Qxb2 would win.} Qb5+ 54. Ke3 {[%emt 0:02:26] Threatens to win with Qd5.} Qxc5+ 55. Ke2 Qb5+ 56. Kf2 Qb2 57. Qxb2 Bxb2 58. a4 {[%emt 0:00:03] Weighted Error Value: White=0.07 (flawless) /Black=0.04 (flawless) .  Inaccurate:     	White=4     	Black=2      OK:         	White=15    	Black=22     Best:        	White=4     	Black=1} 1/2-1/2

[Event "Sardinia World Festival-A 2024"]
[Site "Orosei"]
[Date "2024.04.28"]
[Round "2.13"]
[White "Savitha Shri B"]
[Black "Sonis, Francesco"]
[Result "0-1"]
[ECO "B90"]
[WhiteElo "2363"]
[BlackElo "2562"]
[Annotator "TA"]
[PlyCount "88"]
[EventDate "2024.04.26"]
[EventType "swiss"]
[EventCountry "ITA"]
[SourceTitle "playchess.com"]
[Source "ChessBase"]
[SourceQuality "1"]
[TimeControl "40/5400+30:1800+30"]

1. e4 c5 2. Nf3 d6 3. d4 cxd4 4. Nxd4 Nf6 5. Nc3 a6 6. h3 e5 7. Nb3 Be7 8. Be3 h6 9. Qf3 b5 {[%emt 0:00:34] The position is equal.} 10. O-O-O b4 11. Nd5 Nxd5 12. exd5 a5 (12... O-O $1 $15) 13. Nd2 (13. Qg3 $11) 13... Qc7 (13... O-O $1 $15 {was preferrable.}) 14. Kb1 Nd7 15. Qg3 Kf8 16. f4 Bb7 17. Nc4 (17. fxe5 $1 $14 {deserves consideration.} Nxe5 18. Bd3) 17... Ba6 $11 18. b3 e4 19. Bd4 (19. Nd2 $5) 19... Bf6 20. f5 (20. Qe3 $11) 20... Bxc4 $15 21. Bxf6 (21. Bxc4 $11 Bxd4 22. Rxd4) 21... Nxf6 $17 22. Bxc4 Re8 23. Qe3 Re5 24. g4 {[%emt 0:06:42] [#]} Ke7 $1 25. Rhe1 Rc8 26. Re2 Qc5 27. Rd4 Kf8 {[%emt 0:02:56][%cal Oc8e8] White is weak on the dark squares} (27... Nxd5 28. Bxd5 Rxd5 29. Rxe4+ Re5 (29... Kf6 $2 30. g5+ Kxf5 31. Rf4+ Kg6 32. Qe4+ Rf5 33. Ref2 $18) 30. Rxe5+ dxe5 31. Qxe5+ Kf8 32. Qxc5+ Rxc5 33. c4 bxc3 34. Kc2 $16) 28. Kb2 Rce8 (28... Nxd5 $2 29. Bxd5 a4 (29... Rxd5 $2 30. Rc4 $18) 30. Rc4 (30. Bxe4 d5 $18) 30... Rxd5 (30... a3+ $2 31. Kc1 $18) 31. Rxc5 $18) 29. Re1 (29. Rdd2 $17) 29... Nd7 (29... Nxd5 30. Bxd5 (30. Rxd5 $2 Rxd5 31. Bxd5 Qxd5 $19) 30... Rxd5 31. Rxe4 Qxe3 32. R1xe3 $17) ({Black should try} 29... h5 $19 30. g5 Nxd5 31. Bxd5 (31. Rxd5 $2 Rxd5 32. Bxd5 Qxd5 $19) 31... Rxd5 32. Rxe4 Qxe3 33. R1xe3 Rxe4 34. Rxe4 Rxf5) 30. Rdd1 Rc8 31. Qxc5 Nxc5 32. Re3 {[%emt 0:02:04] [#]} ({White should play} 32. a3 $15) 32... Ke7 $1 33. a3 Kf6 34. axb4 axb4 35. c3 bxc3+ 36. Kxc3 Re7 37. Kd4 Rb7 38. h4 Rb4 {[%emt 0:00:35][%cal Oc5b3] Strongly threatening ...Nxb3+!} 39. Kc3 Rcb8 40. Kc2 Ke5 $36 {[%emt 0:00:33][%mdl 2048] Black is on the roll.} 41. Rf1 (41. Rde1 $142) 41... Kd4 $19 42. Rg3 (42. Rc3 $142) 42... Nd3 ({Less strong is} 42... Ra8 43. Rd1+ Ke5 44. f6 $19) 43. Rb1 ({Much weaker is} 43. Bxd3 Rxb3 44. Bxe4 Rxg3 $19) 43... Rc8 44. Rd1 (44. Rg2 $19) 44... Rcxc4+ {[%emt 0:00:06] Weighted Error Value: White=0.40/Black=0.13 (very precise) .  Mistake:       	White=9     	Black=3      Inaccurate:     	White=5     	Black=3      OK:         	White=12    	Black=14     Best:        	White=1     	Black=7      Strong:       	---       	Black=2} 0-1

[Event "Sardinia World Festival-A 2024"]
[Site "Orosei"]
[Date "2024.04.28"]
[Round "2.14"]
[White "Sivuk, Vitaly"]
[Black "Ibrayev, Nurlan"]
[Result "1-0"]
[ECO "E38"]
[WhiteElo "2551"]
[BlackElo "2368"]
[Annotator "TA"]
[PlyCount "77"]
[EventDate "2024.04.26"]
[EventType "swiss"]
[EventCountry "ITA"]
[SourceTitle "playchess.com"]
[Source "ChessBase"]
[SourceQuality "1"]
[TimeControl "40/5400+30:1800+30"]

1. d4 Nf6 2. c4 e6 3. Nc3 Bb4 4. Qc2 c5 5. dxc5 Bxc5 6. Nf3 Qb6 7. e3 Qc7 8. g4 {[%emt 0:00:00] E38: Nimzo-Indian: Classical: 4...c5.} h6 9. Rg1 Bf8 10. Bd2 a6 $146 ({Predecessor:} 10... b6 11. Nb5 Qd8 12. g5 hxg5 13. Nxg5 Rh6 14. Ne4 Nxe4 15. Qxe4 Nc6 16. Bc3 a6 {½-½ Izoria,Z (2610)-Kotsur,P (2563) Olympiad-38 Dresden 2008 (2)}) 11. h4 h5 12. gxh5 Rxh5 13. Be2 Nc6 14. Rg5 Rh8 15. O-O-O d6 16. Kb1 Bd7 17. Rc1 Ne5 18. Qb3 ({White should play} 18. Nxe5 $14 dxe5 19. h5) 18... Nxf3 $11 19. Bxf3 Rxh4 20. Na4 Ne4 (20... Rc8 $15 21. Nb6 Rb8) 21. Bxe4 $1 $14 Rxe4 22. Nb6 Rb8 23. f4 Bc6 (23... Qc6 $11) 24. Rh5 $1 $16 Qe7 25. Rg1 e5 26. Rh8 exf4 27. exf4 Re2 28. Bc3 $2 (28. Bb4 $16) 28... Qe3 (28... f6 $15 29. Bb4 Qe4+ 30. Ka1 Ke7) 29. Qd1 $11 Ke7 $1 30. Ka1 (30. Bxg7 Bxg7 31. Rxg7 Re1 (31... Rxh8 32. Rg3 Qe4+ 33. Ka1 Rh1 34. Nc8+ Kf6 35. Rd3 Qxd3 36. Qxh1 Bxh1 37. a3 Qd4 38. Kb1 Qxb2#) (31... Rxh8 32. Nc8+ Rxc8 33. a3 Re1 34. Qxe1 Qxe1+ 35. Ka2 Be4 36. f5 Qb1+ 37. Kb3 Qc2+ 38. Ka2 Qxc4+ 39. Ka1 Qf1+ 40. Ka2 Bd5+ 41. b3 Rc2#)) 30... Re8 (30... f6 $14) 31. c5 (31. Bxg7 Bxg7 32. Rxe8+ Kxe8 33. Rxg7 Re1 34. Rg8+ Ke7 35. a4 Rxd1+ 36. Ka2 Qxb6 37. Rg3 Qb4 (37... Bxa4 38. f5 Rd2 39. Ka3 Rxb2 40. Re3+ Kd8 41. Re8+ Bxe8 42. f6 Qb4#) (37... Ra1+ 38. Kxa1 Qd4 39. Rc3 Qd1+ 40. Ka2 Qxa4+ 41. Kb1 Be4+ 42. Kc1 Qa1+ 43. Kd2 Qxb2+ 44. Ke3 Qxc3+ 45. Kxe4 Kf6 46. f5 Kg5 47. f6 Kg4 48. c5 dxc5 49. Kd5 Qd4#) 38. Re3+ Kd7 39. Rh3 Qxc4+ (39... Qxa4+ 40. Ra3 Qxc4+ 41. Rb3 f5 42. Ka3 Qa4#) 40. b3 Qc2+ (40... Qxf4 41. Rc3 Qd2+ 42. Rc2 Qxc2+ 43. Ka3 Qc1+ 44. Kb4 Qc5#) 41. Ka3 Qc1+ 42. Kb4 Qc5#) (31. Nd5+ Bxd5 32. cxd5 f6 $17) (31. Rf1 $142 $1) 31... dxc5 $16 32. Nc4 Qe6 {[%emt 0:00:10] [#]} (32... Qxf4 $2 33. Qxe2+ Qe4 34. Re1 Qxe2 35. Rxe2+ Kd8 36. Rxe8+ Bxe8 37. Rxf8 $18) 33. Be5 ({White should try} 33. Nd6 $1 $16 Qxd6 (33... Rd8 $2 34. Nf5+ Qxf5 35. Qxe2+ Qe6 36. Re1 $18) 34. Qxe2+ Kd8 35. Be5) 33... Rxe5 $2 (33... Rg2 $2 34. Re1 Qd5 35. Bd4+ (35. Bxg7+ Kd8 $18) 35... Kd8 36. Rxe8+ Kxe8 (36... Bxe8 $2 37. Bf6+ Kc7 38. Be5+ $18) 37. Qe1+ Qe6 38. Qxe6+ fxe6 39. Bxc5 $18) (33... Re4 $1 $11 {and Black stays safe.} 34. Qd6+ (34. Bd6+ Kd8 $15) 34... Qxd6 35. Nxd6 Rd8) 34. Nxe5 $18 Be4 35. Qe1 Qd5 36. Rh5 Kd8 {[%emt 0:00:47] [#]} 37. Qe2 $1 (37. Qa5+ Kc8 38. Rh8 f6 $11) 37... c4 38. Rd1 (38. Qxc4 Rxe5 39. Qxd5+ Rxd5 $16) 38... Bd3 39. Nxd3 ({Not} 39. Nxc4 Bxe2 40. Rhxd5+ Kc7 $16) 1-0

[Event "Sardinia World Festival-A 2024"]
[Site "Orosei"]
[Date "2024.04.28"]
[Round "2.15"]
[White "Kaczmarek, Aleksander"]
[Black "Samunenkov, Ihor"]
[Result "1-0"]
[ECO "B13"]
[WhiteElo "2362"]
[BlackElo "2548"]
[Annotator "TA"]
[PlyCount "51"]
[EventDate "2024.04.26"]
[EventType "swiss"]
[EventCountry "ITA"]
[SourceTitle "playchess.com"]
[Source "ChessBase"]
[SourceQuality "1"]
[TimeControl "40/5400+30:1800+30"]

1. e4 c6 2. d4 d5 3. exd5 cxd5 4. c4 Nf6 5. Nc3 Nc6 6. Bg5 dxc4 7. d5 Ne5 8. Nf3 Bg4 9. Qd4 Nxf3+ 10. gxf3 {[%emt 0:00:10] Black is slightly better.} Bxf3 11. Bxc4 Bxh1 12. Bxf6 a6 {[%emt 0:00:46] Repels Bb5+} (12... exf6 $2 13. Bb5+ Ke7 14. O-O-O $18 (14. Qe3+ Kd6 $18)) 13. Be5 f6 14. d6 Qa5 (14... fxe5 $2 15. d7+ Qxd7 16. Bf7+ Kd8 17. Qb6+ Qc7 18. Rd1+ Kc8 (18... Bd5 19. Rxd5+ Kc8 20. Be6+ Kb8 21. Rd8+) 19. Be6+ Kb8 20. Rd8+ $18) (14... exd6 $1 $17 15. Bg3 Qc7) 15. d7+ $2 (15. Bg3 $1 $11 {and White has nothing to worry.} Bc6 16. Be6 exd6 17. b4) 15... Kd8 $19 16. Bg3 {[%emt 0:00:15] Be6 is the strong threat.} e5 17. Qg4 (17. Qd3 $17 b5 18. Bd5 Bxd5 19. Qxd5) 17... b5 18. Bb3 {[%emt 0:17:51] aiming for f3.} Bb7 (18... Qb6 $1 $17 {...Ra7 would now be deadly.} 19. Rc1 Qc6) 19. O-O-O (19. f4 $1 $18 {[%cal Rf4e5] and White stays clearly on top.}) 19... Qb6 $16 {[%emt 0:00:11] [#]} 20. Kb1 {[%emt 0:03:08] The board is on fire. White has more active pieces. The black rooks are passive.} (20. f4 $1 $16 b4 21. Nd5 Bxd5 22. Rxd5 (22. Bxd5 Ra7 $11) 22... Qc6+ 23. Kb1) 20... a5 $2 {[%emt 0:00:48][%mdl 8192] [#]} (20... Ra7 $14) 21. f4 $1 $18 {[%emt 0:06:02] White is clearly winning.} a4 22. Bc2 exf4 (22... e4 $142 23. Nxe4 (23. Bxe4 Ra7 $18) 23... Bxe4 24. Bxe4 Ra7) 23. Bxf4 {[%emt 0:04:19] Strongly threatening Re1.} g5 24. Bg3 Be7 25. Qe2 {[%emt 0:02:07][%cal Od1e1] Threatens to win with Re1!} Ra6 26. Nxb5 {[%emt 0:01:51] Weighted Error Value: White=0.44/Black=0.68.  Loses game:     	White=1     	Black=2      Mistake:       	White=3     	Black=2      Inaccurate:     	White=1     	Black=1      OK:         	White=4     	Black=7      Best:        	White=2     	Black=2      Strong:       	White=1     	---} 1-0

[Event "Sardinia World Festival-A 2024"]
[Site "Orosei"]
[Date "2024.04.28"]
[Round "2.16"]
[White "Bharath Subramaniyam H"]
[Black "Vagman, Roy"]
[Result "1-0"]
[ECO "B47"]
[WhiteElo "2544"]
[BlackElo "2357"]
[Annotator "TA"]
[PlyCount "79"]
[EventDate "2024.04.26"]
[EventType "swiss"]
[EventCountry "ITA"]
[SourceTitle "playchess.com"]
[Source "ChessBase"]
[SourceQuality "1"]
[TimeControl "40/5400+30:1800+30"]

1. e4 c5 2. Nf3 e6 3. Nc3 Nc6 4. d4 cxd4 5. Nxd4 Qc7 6. Ncb5 Qb8 7. Bd3 a6 8. Nxc6 {[%emt 0:00:09] The position is equal.} bxc6 9. Nd4 Qb6 10. Nf3 {[%emt 0:14:27] Active counter play!} d5 11. O-O Nf6 12. e5 Nd7 13. c4 Be7 14. Qc2 h6 15. cxd5 cxd5 16. Be3 Bc5 17. Bd2 a5 18. Qa4 {[%emt 0:06:56][%cal Ob2b4] b4! would now be deadly.} Ba6 19. Bxa6 Rxa6 20. Rac1 {[%emt 0:02:54][%cal Oc1c5] aiming for Rxc5!} Ra8 $1 21. Rc2 Qa7 (21... Ke7 $1 $14) 22. Qg4 $16 g6 23. h4 Kf8 24. h5 g5 25. Qg3 Kg7 $2 {[%emt 0:01:30] [#]} ({Black should try} 25... Bb6 $14) 26. Rfc1 $2 (26. Bxg5 $1 $18 {and the rest is easy. Bf6+ is the strong threat.} hxg5 27. Nxg5) 26... Rhc8 $2 {[%emt 0:02:26][%mdl 8192] [#]} (26... Rhg8 $16 {is more resistant.}) 27. Nxg5 (27. Bxg5 $142 $1 hxg5 28. Nxg5 Nxe5 (28... Bxf2+ 29. Rxf2 Rxc1+ 30. Kh2 $18) 29. Qxe5+ (29. Nxe6+ Kf6 $18) 29... Kf8 30. h6 (30. Ne4 dxe4 31. Rxc5 Rxc5 $18) 30... Bxf2+ 31. Kf1 Rxc2 32. Qg7+ (32. Rxc2 Bd4 $18) 32... Ke8 33. Rxc2 (33. Qg8+ Kd7 $18)) 27... hxg5 (27... Bxf2+ {might work better.} 28. Qxf2 Rxc2 29. Nxe6+ (29. Rxc2 Qxf2+ 30. Kxf2 hxg5 $16) 29... fxe6 30. Rxc2 Qxf2+ 31. Kxf2 Kg8) 28. Qxg5+ $18 Kh7 29. Qh6+ Kg8 30. Qg5+ (30. Be3 $142 Qb7 31. Bxc5 Nxc5 32. Rxc5 Rxc5 33. Rxc5) 30... Kh7 $1 31. Qh6+ $2 $40 {[%emt 0:00:03][%mdl 128] White attacks.} (31. Kh1 {Strongly threatening Rc3.} Qa6 32. Qf4) 31... Kg8 32. Be3 Rc7 $2 (32... Qb7 33. Bxc5 Nxc5 34. Rxc5 Rxc5) 33. Qg5+ Kh7 {[%emt 0:00:28] And now ...Bxe3 would win.} 34. Qh6+ (34. Rxc5 $142 Rxc5 35. Qh6+ (35. Bxc5 $2 {loses.} Nxc5 36. h6 Rg8 $19) 35... Kg8 36. Rc3 (36. Bxc5 Nxc5 37. Rc3 Ne4 $17) 36... Rxc3 37. Bxa7 (37. Qg5+ Kh7 $18)) 34... Kg8 {[%emt 0:00:00] [#]} 35. Bd4 Bxd4 36. Rxc7 {[%emt 0:00:08] Rc8+ would kill now.} Bxf2+ 37. Kh1 {[%emt 0:00:40] White mates.} Qb8 38. Qg5+ Kh7 39. Rxd7 Qg8 40. Qf4 {[%emt 0:00:37] Weighted Error Value: White=0.82/Black=0.58.  Loses game:     	---       	Black=3      Missed win:     	White=1     	---        Mistake:       	White=3     	Black=3      Inaccurate:     	White=2     	Black=1      OK:         	White=9     	Black=12     Best:        	White=4     	---        Strong:       	---       	Black=2      Brilliant:      	White=1     	---} 1-0

[Event "Sardinia World Festival-A 2024"]
[Site "Orosei"]
[Date "2024.04.28"]
[Round "2.17"]
[White "Gloeckler, Christian"]
[Black "Erdogmus, Yagiz Kaan"]
[Result "0-1"]
[ECO "B13"]
[WhiteElo "2356"]
[BlackElo "2540"]
[Annotator "TA"]
[PlyCount "104"]
[EventDate "2024.04.26"]
[EventType "swiss"]
[EventCountry "ITA"]
[SourceTitle "playchess.com"]
[Source "ChessBase"]
[SourceQuality "1"]
[TimeControl "40/5400+30:1800+30"]

1. e4 c6 2. d4 d5 3. exd5 cxd5 4. Bd3 Nc6 5. c3 Qc7 6. Ne2 e5 {[%emt 0:00:13] B13: Caro-Kann: Exchange Variation and Panov-Botvinnik Attack.} 7. dxe5 Nxe5 8. Bb5+ Bd7 9. Bxd7+ Qxd7 10. O-O Nf6 11. Bf4 Bd6 12. Nd2 O-O 13. Qc2 $146 ({Predecessor:} 13. Nd4 Rfe8 14. N2f3 Nc4 15. Bxd6 Qxd6 16. Qc2 Rac8 17. Rfe1 Qb6 18. Nf5 Ne4 19. Re2 {½-½ Mikaelyan,A (2454)-Harutjunyan,G (2455) ARM-ch 1st League 80th 2019 (5)}) 13... Rac8 14. Rad1 Rfe8 15. Rfe1 Neg4 16. Bxd6 Qxd6 17. Nf1 Qc5 18. Rd4 Re4 (18... Qxd4 $11 19. Nxd4 Rxe1) 19. Qd2 Ne5 20. Nfg3 Rxd4 21. Nxd4 Nc4 22. Qc1 Re8 23. Rxe8+ Nxe8 24. Ngf5 g6 25. Ne3 Nf6 26. Nxc4 Qxc4 27. Qf4 Qxa2 28. h3 Qa1+ 29. Kh2 Qa6 30. Qb8+ Kg7 31. Qe5 Qb6 32. b4 ({Better is} 32. g4 $1 $11 Kf8 (32... Qxb2 33. Kg2 $11) 33. Kh1) 32... Kg8 33. Qb8+ Kg7 34. Qe5 $1 Qd8 35. Nb5 Qe8 36. Qxe8 Nxe8 37. Nxa7 Nd6 38. Kg3 $1 Kf6 39. Kf3 Ke5 40. Ke3 g5 41. g3 $1 h5 42. f4+ $1 gxf4+ 43. gxf4+ Ke6 44. Kd4 h4 45. Kd3 Kf5 46. Ke3 Nc4+ 47. Kf3 Na3 48. Ke3 (48. Nc8 $11) 48... Nc2+ $17 49. Kd2 $2 {[%emt 0:00:00][%mdl 8192] [#]} (49. Kf3 $17) 49... Na3 $2 (49... Kxf4 $1 $19 50. Ke2 Kg3) 50. Ke3 $15 Nc2+ $2 (50... d4+ $15 51. cxd4 Nc2+ 52. Kf3 Nxd4+ 53. Ke3 Nc2+ 54. Kf3 Ne1+ (54... Nxb4 55. Nb5 $15) 55. Ke2 Nc2) 51. Kd2 $1 $19 {[%emt 0:00:00] [#]} Kxf4 $1 52. Kxc2 Ke5 $4 (52... Kg3 $19 53. Nb5 Kxh3) 0-1

[Event "Sardinia World Festival-A 2024"]
[Site "Orosei"]
[Date "2024.04.28"]
[Round "2.18"]
[White "Parkhov, Yair"]
[Black "Derakhshani, Borna"]
[Result "1-0"]
[ECO "B45"]
[WhiteElo "2513"]
[BlackElo "2355"]
[Annotator "TA"]
[PlyCount "61"]
[EventDate "2024.04.26"]
[EventType "swiss"]
[EventCountry "ITA"]
[SourceTitle "playchess.com"]
[Source "ChessBase"]
[SourceQuality "1"]
[TimeControl "40/5400+30:1800+30"]

1. e4 c5 2. Nf3 e6 3. d4 cxd4 4. Nxd4 Nc6 5. Nc3 Nf6 6. Be2 Bb4 7. O-O O-O 8. Nxc6 bxc6 9. e5 Nd5 10. Ne4 f5 11. Nd6 {[%emt 0:02:14] White is slightly better.} Bxd6 12. exd6 a5 13. c4 Nf6 14. Bf4 Qb6 15. Qd3 Bb7 {[%emt 0:10:09] Black is weak on the dark squares} 16. Be5 $36 {[%emt 0:08:43][%mdl 2048] Black is under pressure.} Qc5 17. Qg3 Rf7 18. h4 {[%emt 0:05:13] White is more active.} Ne4 19. Qf4 h6 20. Bh5 g5 $2 {[%emt 0:05:08][%mdl 8192] A mistake that costs the game.} (20... Rff8 $16 {is more resistant.}) 21. hxg5 $1 $18 (21. Bxf7+ Kxf7 22. hxg5 hxg5 $16) 21... hxg5 22. Qh2 (22. Bxf7+ Kxf7 23. Qh2 Kg6 $16) 22... Rg7 {[%emt 0:04:54][%cal Of5f4] [#] ...f4! would now be deadly.} 23. Bg6 $1 Rxg6 24. Qh8+ Kf7 25. Qh7+ Kf8 {[%emt 0:00:02] [#]} 26. Bh8 Qxd6 27. Qxg6 Qe7 {[%emt 0:00:38] Inhibits Bg7+.} 28. Rad1 d5 29. f3 Ng3 (29... Nd6 $142 30. cxd5 cxd5) 30. Rfe1 Re8 {[%emt 0:00:34] [#]} 31. Rxe6 $3 {[%emt 0:01:04][%mdl 512] Weighted Error Value: White=0.17 (very precise) /Black=0.66.  Loses game:     	---       	Black=1      Mistake:       	---       	Black=1      Inaccurate:     	---       	Black=2      OK:         	White=14    	Black=6      Best:        	---       	Black=1      Strong:       	White=1     	---} 1-0